 Dungeon Crawl Stone Soup version 0.31.0-9-g3a7656b989 (webtiles) character file.

Game seed: 3214122682657598469

3745 qw the Markself (level 9, -1/49 HPs)
             Began as a Deep Elf Hunter on Feb 3, 2024.
             Incinerated by a bombardier beetle (5 damage)
             ... with a burning spray
             ... on level 5 of the Dungeon.
             The game lasted 00:00:28 (3049 turns).

qw the Markself (Deep Elf Hunter)                   Turns: 3049, Time: 00:00:28

Health: -1/49      AC: 17    Str: 12    XL:     9   Next: 93%
Magic:  11/11      EV: 16    Int: 15    God:
Gold:   230        SH:  0    Dex: 18    Spells: 8/8 levels left

rFire   . . .        a - +1 shortbow
rCold   . . .        (shield currently unavailable)
rNeg    . . .        m - +0 scale mail {rPois}
rPois   +            l - +2 helmet
rElec   .            (no cloak)
rCorr   .            j - +1 pair of gloves
SInv    .            g - +0 pair of boots
Will    .....        h - amulet of regeneration
Stlth   +            c - +4 ring of protection
HPRegen 1.08/turn    (no ring)
MPRegen 0.12/turn

%: no passive effects
@: on fire, glowing
A: no striking features
a: no special abilities


You were on level 5 of the Dungeon.
You visited 1 branch of the dungeon, and saw 5 of its levels.
You also visited: Sewer.

You collected 230 gold pieces.


   Skills:
 + Level 2.6 Fighting
 - Level 15.7 Ranged Weapons
 - Level 3.3 Armour
 - Level 14.3 Dodging
 - Level 1.2 Stealth


You had 8 spell levels left.
You didn't know any spells.
Your spell library was empty.

Inventory:

Hand Weapons
 a - a +1 shortbow (weapon)
Armour
 e - a +0 ring mail
 g - a +0 pair of boots (worn)
 j - a +1 pair of gloves (worn)
 l - a +2 helmet (worn)
 m - a +0 scale mail of poison resistance (worn)
Jewellery
 c - a +4 ring of protection (left hand)
 h - an amulet of regeneration (around neck)
 i - a ring of poison resistance
 q - a +6 ring of strength
Scrolls
 b - a scroll of teleportation
 s - a scroll of vulnerability {unknown}
 u - a scroll of identify
Potions
 d - 2 potions of curing
 f - a potion of might
 k - a potion of enlightenment {unknown}
 n - a potion of resistance
 o - a potion of mutation {unknown}
 p - 2 potions of heal wounds
 r - 2 potions of brilliance {unknown}
 t - a potion of cancellation {unknown}

Dungeon Overview and Level Annotations

Branches:
Dungeon (5/15)              Sewer (visited)
 Temple: D:4-7

Altars:

Shops:
D:1 =


Message History

You shoot an arrow. The arrow hits the bombardier beetle.
The bombardier beetle is almost dead.
The liquid fire burns you!
The bombardier beetle sprays incendiary fluid at you.
The burning spray hits you.
You are even more covered in liquid fire!
You shoot an arrow. The arrow hits the bombardier beetle.
You kill the bombardier beetle!
The liquid fire burns you!
You are on fire!
The liquid fire burns you!
You are on fire!
The liquid fire burns you!
You are on fire!
The liquid fire burns you!
You are on fire!
The liquid fire burns you!
You are on fire!
The liquid fire burns you!
You are on fire!
The liquid fire burns you!
You are on fire!
The liquid fire burns you!
You are on fire!
The liquid fire burns you!
You are on fire!
The liquid fire burns you!
You are on fire!
The liquid fire burns you!
You are on fire!
The liquid fire burns you!
You are on fire!
The liquid fire burns you!
You are on fire!
The liquid fire burns you!
You are on fire!
The liquid fire burns you!
You are on fire!
The liquid fire burns you!
You die...

...#..)............#
...#.###+#.........#
...#.###++.........### #
...#....................
...#....................
...+..............# ....
...#...###........#>....
####.### #......#%......
.....### #......@...$...
.....'.# #...###........
.....#.###...###...####.
.....#...#...........
..####................
..####................#
..................#####
..................+
..................#.


There were no monsters in sight!

Vanquished Creatures
  Grinder (D:3)
  Eustachio (D:4)
  A black bear (D:5)
  2 phantoms (D:4)
  A scorpion (D:4)
  A bombardier beetle (D:5)
  2 hounds (D:4)
  5 jellies
  An iguana (D:5)
  8 adders
  3 river rats
  A dart slug (D:2)
  4 ribbon worms
  An orc (D:4)
  6 ball pythons
  4 bats
  14 endoplasms
  8 giant cockroaches
  19 goblins
  7 hobgoblins
  4 jackals (D:2)
  2 quokkas
  7 frilled lizards
  6 kobolds
  9 rats
118 creatures vanquished.

Notes
Turn   | Place    | Note
-------+----------+-------------------------------------------
     0 | D:1      | qw the Deep Elf Hunter began the quest for the Orb.
     0 | D:1      | Reached XP level 1. HP: 12/12 MP: 3/3
     0 | D:1      | 0 ||| qw: Version: 0.3-a-155-g5e7d8dd
     0 | D:1      | 0 ||| qw: Game counter: 2885
     0 | D:1      | 0 ||| qw: Melee chars always use a shield: true
     0 | D:1      | 0 ||| qw: God list: Okawaru
     0 | D:1      | 0 ||| qw: Allow faded altars: false
     0 | D:1      | 0 ||| qw: Do Orc after clearing Dungeon:15 true
     0 | D:1      | 0 ||| qw: Do second Lair branch before Depths: true
     0 | D:1      | 0 ||| qw: Lair rune preference: random
     0 | D:1      | 0 ||| qw: Goals: Normal
     0 | D:1      | 0 ||| PLANNING D:1-11
   308 | D:1      | Reached XP level 2. HP: 16/16 MP: 4/4
   311 | D:1      | Reached skill level 6 in Ranged Weapons
   385 | D:1      | Found Guss's Jewellery Emporium.
   402 | D:1      | 402 ||| SHOPLISTING +4 ring of protection (432 gold, have
                  | 21).
   402 | D:1      | 402 ||| SHOPLISTING +6 ring of strength (432 gold, have
                  | 21).
   402 | D:1      | 402 ||| SHOPLISTING ring of ice (300 gold, have 21).
   402 | D:1      | 402 ||| SHOPLISTING ring of protection from cold (300 gold,
                  | have 21).
   722 | D:1      | 722 ||| UPGRADING to amulet of regeneration.
   727 | D:1      | 727 ||| UPGRADING to ring of poison resistance.
   728 | D:1      | 728 ||| READING scroll labelled GACSETETUC.
   729 | D:1      | 729 ||| READING 2 scrolls labelled KEDOBOFRI JOIT.
   729 | D:1      | 729 ||| IDENTIFYING metallic silvery potion
   730 | D:1      | 730 ||| READING scroll of identify.
   730 | D:1      | 730 ||| IDENTIFYING metallic blue potion
   731 | D:1      | 731 ||| DRINKING 2 bubbling ruby potions.
   732 | D:1      | 732 ||| DROPPING scroll of butterflies.
   733 | D:1      | 733 ||| DROPPING potion of lignification.
   734 | D:1      | 734 ||| DROPPING potion of attraction.
   787 | D:2      | 787 ||| FLEEEEING.
   788 | D:2      | 788 ||| STAIRDANCE
   832 | D:2      | Reached XP level 3. HP: 20/20 MP: 5/5
   875 | D:2      | Reached skill level 7 in Ranged Weapons
   909 | D:2      | Reached XP level 4. HP: 25/25 MP: 6/6
   979 | D:2      | Identified the orb "Nungiwos" {light, Regen+ Int+4 Slay-3}
  1286 | D:2      | Reached skill level 8 in Ranged Weapons
  1448 | D:2      | 1448 ||| UPGRADING to +0 pair of boots.
  1453 | D:2      | 1453 ||| UPGRADING to +0 pair of gloves.
  1458 | D:2      | 1458 ||| UPGRADING to +2 helmet.
  1463 | D:2      | 1463 ||| UPGRADING to +0 scale mail of poison resistance.
  1473 | D:2      | 1473 ||| REMOVING ring of poison resistance.
  1474 | D:2      | 1474 ||| DROPPING +0 leather armour.
  1475 | D:2      | 1475 ||| READING scroll labelled TUMEUDGH FUOHEL.
  1476 | D:2      | 1476 ||| READING scroll labelled OFASAQAO UJIHO.
  1477 | D:2      | 1477 ||| READING scroll labelled KACIMU TYHIELA.
  1482 | D:2      | 1482 ||| READING scroll labelled NUTOLOKLEN.
  1482 | D:2      | 1482 ||| ENCHANTING +0 pair of gloves.
  1502 | D:3      | 1502 ||| FLEEEEING.
  1503 | D:3      | 1503 ||| STAIRDANCE
  1712 | D:3      | Noticed Grinder
  1736 | D:3      | Killed Grinder
  1737 | D:3      | Reached skill level 3 in Armour
  1737 | D:3      | Reached XP level 5. HP: 24/29 MP: 7/7
  1737 | D:3      | Reached XP level 6. HP: 28/34 MP: 8/8
  1954 | D:3      | 1954 ||| UPGRADING to +4 ring of protection.
  1955 | D:3      | 1955 ||| DRINKING 3 coppery potions.
  1985 | D:4      | 1985 ||| PLANNING SEWER
  2046 | D:4      | Noticed Eustachio
  2056 | D:4      | 2056 ||| RETREEEEATING.
  2058 | D:4      | 2058 ||| RETREEEEATING.
  2059 | D:4      | 2059 ||| RETREEEEATING.
  2061 | D:4      | 2061 ||| RETREEEEATING.
  2062 | D:4      | 2062 ||| RETREEEEATING.
  2063 | D:4      | 2063 ||| RETREEEEATING.
  2064 | D:4      | 2064 ||| RETREEEEATING.
  2065 | D:4      | 2065 ||| RETREEEEATING.
  2066 | D:4      | 2066 ||| RETREEEEATING.
  2067 | D:4      | 2067 ||| RETREEEEATING.
  2068 | D:4      | 2068 ||| RETREEEEATING.
  2069 | D:4      | 2069 ||| RETREEEEATING.
  2079 | D:4      | 2079 ||| RETREEEEATING.
  2083 | D:4      | 2083 ||| RETREEEEATING.
  2084 | D:4      | 2084 ||| RETREEEEATING.
  2085 | D:4      | 2085 ||| RETREEEEATING.
  2086 | D:4      | 2086 ||| RETREEEEATING.
  2087 | D:4      | Reached skill level 9 in Ranged Weapons
  2087 | D:4      | 2087 ||| RETREEEEATING.
  2098 | D:4      | 2098 ||| RETREEEEATING.
  2099 | D:4      | 2099 ||| RETREEEEATING.
  2101 | D:4      | Reached XP level 7. HP: 33/40 MP: 9/9
  2107 | D:4      | 2107 ||| RETREEEEATING.
  2110 | D:4      | 2110 ||| RETREEEEATING.
  2140 | D:4      | 2140 ||| RETREEEEATING.
  2141 | D:4      | 2141 ||| RETREEEEATING.
  2142 | D:4      | 2142 ||| RETREEEEATING.
  2143 | D:4      | 2143 ||| RETREEEEATING.
  2144 | D:4      | 2144 ||| RETREEEEATING.
  2145 | D:4      | 2145 ||| RETREEEEATING.
  2146 | D:4      | 2146 ||| RETREEEEATING.
  2147 | D:4      | 2147 ||| RETREEEEATING.
  2148 | D:4      | 2148 ||| RETREEEEATING.
  2159 | D:4      | 2159 ||| RETREEEEATING.
  2160 | D:4      | 2160 ||| RETREEEEATING.
  2161 | D:4      | 2161 ||| RETREEEEATING.
  2162 | D:4      | 2162 ||| RETREEEEATING.
  2166 | D:4      | 2166 ||| RETREEEEATING.
  2168 | D:4      | 2168 ||| RETREEEEATING.
  2169 | D:4      | 2169 ||| RETREEEEATING.
  2170 | D:4      | 2170 ||| RETREEEEATING.
  2171 | D:4      | 2171 ||| RETREEEEATING.
  2187 | D:4      | Killed Eustachio
  2188 | D:4      | Reached skill level 10 in Ranged Weapons
  2631 | D:4      | Found a glowing drain.
  2632 | D:4      | 2632 ||| DROPPING scarf of shadows.
  2633 | D:4      | 2633 ||| READING scroll labelled ELECKIM HIR.
  2633 | D:4      | 2633 ||| ENCHANTING +0 shortbow.
  2634 | D:4      | 2634 ||| READING scroll labelled NAM OTACZEPS.
  2640 | Sewer    | Entered a sewer
  2767 | Sewer    | Reached skill level 11 in Ranged Weapons
  2774 | Sewer    | Found a viscous altar of Jiyva.
  2846 | Sewer    | 2846 ||| DRINKING 2 red potions.
  2847 | Sewer    | 2847 ||| DRINKING 3 fuming blue potions.
  2848 | Sewer    | 2848 ||| DRINKING 2 clear potions.
  2849 | Sewer    | 2849 ||| DRINKING 2 metallic sapphire potions.
  2849 | Sewer    | Reached XP level 8. HP: 44/44 MP: 10/10
  2850 | Sewer    | 2850 ||| DRINKING potion of experience.
  2850 | Sewer    | Reached skill level 15 in Ranged Weapons
  2850 | Sewer    | Reached XP level 9. HP: 48/48 MP: 11/11
  2871 | D:4      | 2871 ||| PLANNING D:1-11
  2910 | D:5      | Entered Level 5 of the Dungeon
  2914 | D:5      | 2914 ||| STAIRDANCE
  2922 | D:5      | 2922 ||| DRINKING potion of haste.
  3043 | D:5      | HP: 12/49 [burnt (5)]
  3048 | D:5      | HP: 3/49 [burnt (4)]
  3049 | D:5      | Incinerated by a bombardier beetle

Levels and vault maps discovered:
D:1:      lightli_iron_boxes, layout_basic, serial_shops,
          nicolae_shop_tiny_waterfront, due_unseen_surprise
D:2:      kennysheep_the_goblin_king, layout_basic
D:3:      layout_basic, uniq_grinder
D:4:      layout_cave_pools, gup_sewer_entry_bubbles, uniq_eustachio
D:5:      dreamdust_elfheim, layout_basic, minmay_temple_entry_crystal_x

Skill      XL: |  1  2  3  4  5  6  7  8 |
---------------+-------------------------+-----
Ranged Weapons | 6 7 8 9 11 15 | 15.7
Armour         | 3 |  3.3
Fighting       | 2 |  2.6
Dodging        | 14 | 14.3
Stealth        | |  1.2

Action                     |  1- 3 |  4- 6 |  7- 9 || total
---------------------------+-------+-------+-------++-------
   Fire: Shortbow          |    74 |   190 |   215 ||   479
    Use: Scroll            |     3 |     4 |     2 ||     9
         Potion            |     1 |     1 |     6 ||     8
 Armour: Leather armour    |    13 |     8 |       ||    21
         Scale mail        |       |   154 |   184 ||   338
  Dodge: Dodged            |    16 |    95 |   164 ||   275

Table legend:
 A = Non-vault XP
 B = Vault XP
 C = Vault XP percentage of total XP
 D = Non-vault monster count
 E = Vault monster count
 F = Vault count percentage of total count
                 A         B        C        D         E       F
            +---------+---------+-------+---------+---------+-------
      Total |     809 |     758 |  48.4 |      79 |      39 |  33.1
            +---------+---------+-------+---------+---------+-------
        D:1 |      30 |       0 |   0.0 |      18 |       0 |   0.0
        D:2 |     114 |      14 |  10.9 |      28 |       7 |  20.0
        D:3 |      29 |     267 |  90.2 |      14 |       1 |   6.7
        D:4 |     430 |     241 |  35.9 |      15 |       7 |  31.8
        D:5 |     206 |       0 |   0.0 |       4 |       0 |   0.0
      Sewer |       0 |     236 | 100.0 |       0 |      24 | 100.0
            +---------+---------+-------+---------+---------+-------
